Map: Dasan Station LE

Players

СергейР

  • Race: Protoss Protoss
  • League: Silver

Gracz - Winner!

  • Race: Terran Terran
  • League: Silver

VOD

Have the link to the VOD?

Description

Time

  • Played on: Oct. 8, 2016, 1:59 p.m.
  • Length: 3:59
Show
View Real Time Build Order
Export as new Build Order

СергейР Protoss 

Build Orders:  

Get SALT Encoding   

  12  0:02  Probe (Chrono Boost)  
  13  0:17  Probe (Chrono Boost)  
  14  0:27  Probe (Chrono Boost)  
  15  0:34  Pylon  
  15  0:47  Pylon  
  15  0:52  Assimilator  
  15  0:53  Probe (Chrono Boost)  
  16  1:00  Gateway  
  16  1:02  Assimilator  
  16  1:10  Probe (Chrono Boost)  
  17  1:20  Probe (Chrono Boost)  
  18  1:31  Probe (Chrono Boost)  
  19  1:41  Probe (Chrono Boost)  
  20  1:51  Cybernetics Core  
  20  1:52  Probe (Chrono Boost)  
  21  2:02  Probe (Chrono Boost)  
  22  2:13  Probe (Chrono Boost)  
  23  2:24  Probe (Chrono Boost)  
  23  2:28  Stargate  
  24  2:33  Stargate  
  24  2:52  Nexus  
  24  3:02  Assimilator  
  24  3:06  Assimilator  
  28  3:24  Pylon  
  28  3:29  Pylon  
  28  3:35  Pylon  
Show
View Real Time Build Order
Export as new Build Order

Gracz Terran - Winner!

Build Orders:  

Get SALT Encoding   

  12  0:01  SCV  
  13  0:18  Supply Depot  
  13  0:22  SCV  
  14  0:41  Barracks  
  14  0:46  Refinery  
  14  0:48  SCV  
  15  0:56  Barracks  
  15  1:13  Barracks  
  15  1:23  SCV  
  16  1:35  Orbital Command  
  16  1:38  Barracks Tech Lab  
  16  1:49  Barracks Tech Lab  
  16  1:50  Refinery  
  16  2:06  Barracks Reactor  
  16  2:16  SCV  
  17  2:25  Marauder x2  
  17  2:28  SCV  
  22  2:44  Marine  
  23  2:53  Supply Depot  
  23  3:14  Marine x2  
  23  3:15  Marauder x2  
  29  3:20  Supply Depot  
  29  3:32  Marine  
Tags
 
Add a new tag
Caveats
  • Supply blocks, unpowered buildings, or Contaminate may cause inaccurate times.
  • Supply counts are checked every 10 seconds.